 Dungeon Crawl Stone Soup version 0.27-a0-1189-gb8eb6cee8e (webtiles) character file.

Game seed: 19155351138754934

9926 polve the Slicer (level 11, -6/54 HPs)
             Began as a Vine Stalker Fighter on May 22, 2021.
             Was a Follower of Uskayaw.
             Shot with a bolt by a yaktaur (13 damage)
             ... on level 10 of the Dungeon.
             The game lasted 00:15:13 (8739 turns).

polve the Slicer (Vine Stalker Fighter)             Turns: 8739, Time: 00:15:14

Health: -6/54      AC: 10    Str: 19    XL:     11   Next: 54%
Magic:  0/18       EV:  8    Int:  8    God:    Uskayaw [*.....]
Gold:   743        SH: 12    Dex: 23    Spells: 10/10 levels left

rFire    + . .     SeeInvis .   L - +2 dagger (pain)
rCold    + . .     Faith    +   Z - +0 kite shield
rNeg     . . .     Spirit   +   c - +0 scale mail
rPois    .         Reflect  .   e - +1 hat
rElec    .         Harm     .   K - scarf {rC+ rF+}
rCorr    .         Rampage  .   h - +0 pair of gloves
Will     +....                  (no boots)
Stlth    +.........             I - amulet of faith
HPRegen  1.18/turn              F - +6 ring of dexterity
MPRegen  0.16/turn              u - +4 ring of slaying

@: no status effects
A: fangs 3, regeneration 1, magic shield, antimagic bite, no potion heal 2
a: Renounce Religion, Stomp


You were on level 10 of the Dungeon.
You worshipped Uskayaw.
Uskayaw was aware of your devotion.
You visited 2 branches of the dungeon, and saw 11 of its levels.

You collected 743 gold pieces.

Inventory:

Hand Weapons
 a - a +0 rapier
 b - a +1 dagger of venom
 w - a +2 short sword of holy wrath
 L - a +2 dagger of pain (weapon)
Missiles
 x - 6 atropa-tipped darts (quivered)
 Q - 3 boomerangs of dispersal
Armour
 c - a +0 scale mail (worn)
 e - a +1 hat (worn)
 h - a +0 pair of gloves (worn)
 K - a scarf of resistance (worn)
 Z - a +0 kite shield (worn)
Jewellery
 j - a ring of resist corrosion
 m - a ring of see invisible
 u - a +4 ring of slaying (right hand)
 F - a +6 ring of dexterity (left hand)
 I - an amulet of faith (around neck)
 N - an amulet of reflection
 O - an amulet of regeneration
Wands
 i - a wand of digging (6)
 p - a wand of acid (9)
 y - a wand of flame (21)
 R - a wand of polymorph (8)
Scrolls
 k - 5 scrolls of noise {unknown}
 l - 7 scrolls of identify {unknown}
 n - a scroll of brand weapon {unknown}
 r - a scroll of immolation {unknown}
 t - 2 scrolls of fear {unknown}
 v - 2 scrolls of enchant weapon {unknown}
 B - a scroll of amnesia {unknown}
 C - 4 scrolls of magic mapping {unknown}
 D - a scroll of enchant armour {unknown}
 G - a scroll of acquirement {unknown}
 H - 2 scrolls of vulnerability {unknown}
 M - a scroll of teleportation {unknown}
Potions
 d - a potion of might
 f - 4 potions of degeneration {unknown}
 g - 3 potions of curing {unknown}
 o - 2 potions of heal wounds {unknown}
 q - a potion of flight {unknown}
 s - a potion of ambrosia {unknown}
 z - a potion of lignification {unknown}
 A - 3 potions of invisibility {unknown}
 E - 2 potions of attraction {unknown}
 J - a potion of brilliance {unknown}
 P - a potion of haste {unknown}


   Skills:
 - Level 4.6 Fighting
 - Level 8.0 Short Blades
 - Level 6.5 Armour
 - Level 7.1 Shields
 + Level 7.9 Necromancy
 - Level 8.0 Invocations


You had 10 spell levels left.
You didn't know any spells.
Your spell library contained the following spells:

 Spells                   Type           Power      Damage    Failure   Level
 Animate Skeleton         Necr           24%        N/A       13%         1
 Apportation              Tloc           0%         N/A       97%         1
 Corona                   Hex            0%         N/A       97%         1
 Summon Small Mammal      Summ           0%         N/A       97%         1
 Blink                    Tloc           N/A        N/A       99%         2
 Gell's Gravitas          Tloc           0%         N/A       100%        3
 Lesser Beckoning         Tloc           0%         N/A       100%        3
 Teleport Other           Tloc           0%         N/A       100%        3
 Bolt of Magma            Conj/Fire/Erth 0%         4d4       100%        5
 Iskenderun's Battlesphe  Conj           0%         2d6       100%        5
 Manifold Assault         Tloc           0%         N/A       100%        5
 Iron Shot                Conj/Erth      0%         9d1       100%        6
 Orb of Destruction       Conj           0%         N/A       100%        7
 Spellforged Servitor     Conj/Summ      0%         N/A       100%        7


Dungeon Overview and Level Annotations

Branches:
Dungeon (10/15)            Temple (1/1) D:6            Lair (0/6) D:9
    Orc (0/2) D:9

Altars:
Ashenzari
Cheibriados
Dithmenos
Elyvilon
Fedhas
Gozag
Hepliaklqana
Kikubaaqudgha
Makhleb
Nemelex Xobeh
Okawaru
Qazlal
Ru
Sif Muna
Trog
Uskayaw
Vehumet
Wu Jian
Xom
Yredelemnul
Zin
The Shining One

Annotations:
D:3 Natasha


Innate Abilities, Weirdness & Mutations

You have razor-sharp teeth.
Your natural rate of healing is unusually fast.
When hurt, damage is shared between your health and your magic reserves.
Your bite disrupts and absorbs the magic of your enemies.
Potions cannot restore your health.


Message History

You can no longer pass through a line of other dancers.
There is a stone staircase leading down here.
You now have 711 gold pieces (gained 15).
You now have 736 gold pieces (gained 25).
You now have 743 gold pieces (gained 7).
You open the door. 2 yaktaurs come into view.
The yaktaur shouts! x2
A yaktaur comes into view.
The yaktaur wields a +0 arbalest.
The yaktaur shoots a bolt.
You block the bolt.
The yaktaur wields a +0 arbalest.
The yaktaur shoots a bolt.
The bolt hits you!!
A yaktaur comes into view.
There are monsters nearby!
Your +2 short sword of holy wrath stops glowing.
A searing pain shoots up your arm!
L - a +2 dagger of pain (weapon)
The yaktaur shoots a bolt.
You block the bolt.
The yaktaur wields a +0 arbalest.
The yaktaur shoots a bolt.
The bolt hits you!!
The yaktaur shoots a bolt.
The bolt hits you!!
* * * LOW HITPOINT WARNING * * *
Okay, then.
The yaktaur shoots a bolt.
The bolt barely misses you.
The yaktaur shoots a bolt.
You block the bolt.
Really remove
I - an amulet of faith?
The yaktaur shoots a bolt.
Keep disrobing?
The bolt hits you!
* * * LOW HITPOINT WARNING * * *
You start removing your amulet.
You continue taking off your amulet of faith.
The yaktaur shoots a bolt.
You block the bolt.
You continue taking off your amulet of faith.
The yaktaur shoots a bolt.
You block the bolt.
You continue taking off your amulet of faith.
The yaktaur shoots a bolt.
You block the bolt.
You continue taking off your amulet of faith.
The yaktaur shoots a bolt.
The bolt hits you!
You die...

+....# #.#
#.... #.# ...
#.# #'# #.#
#.###### #.#
#..c.cc# #.#
######c# #.#
#.# #.#######
#@# #.......#
#.#########.#
#...........#
#############


You could see 3 yaktaurs.

Vanquished Creatures
  Pikel (D:4)
  Psyche (D:9)
  A komodo dragon (D:9)
  3 trolls
  A hornet (D:10)
  Sigmund (D:6)
  A shadow (D:9)
  A wraith (D:5)
  2 wyverns
  A vampire (D:10)
  The ghost of bmj180 the Conjurer, an amateur DrCj (D:7)
  The ghost of p0werm0de the Skirmisher, an amateur GrFi (D:4)
  Edmund (D:6)
  Duvessa (D:7)
  A water moccasin (D:4)
  9 orc warriors
  A sky beast (D:5)
  An ice beast (D:5)
  A hornet zombie (D:9)
  2 black bears
  An ogre (D:4)
  A necrophage (D:5)
  2 centaurs
  A phantom (D:4)
  A kobold brigand (D:6)
  Blork the orc (D:5)
  6 bullfrogs
  2 scorpions (D:6)
  Dowan (D:7)
  2 wyvern zombies
  A wyvern skeleton (D:7)
  A water moccasin skeleton (D:5)
  4 wights (D:10)
  3 killer bees (D:9)
  A vampire bat (D:3)
  2 howler monkeys
  11 centaur zombies
  A jelly (D:6)
  4 orc priests
  A centaur skeleton (D:7)
  2 bullfrog skeletons
  A gnoll shaman (D:4)
  Jessica (D:3)
  3 iguanas
  15 orc wizards
  Natasha (twice) (D:3)
  A killer bee zombie (D:5)
  A centaur simulacrum (D:7)
  Robin (D:3)
  A howler monkey zombie (D:10)
  8 gnolls (D:4)
  10 adders
  2 ufetubi
  An adder skeleton (D:4)
  A worm (D:2)
  The ghost of MatrixGlitch the Sneak, a weakling DsDe (D:5)
  3 dart slugs
  3 fire bats (D:3)
  24 orcs
  A spectral bat (D:3)
  4 ball pythons
  3 bat skeletons (D:3)
  A bat zombie (D:3)
  9 endoplasms
  17 goblins
  11 hobgoblins
  8 jackals
  4 quokkas
  16 bats
  A bat simulacrum (D:3)
  3 frilled lizards
  7 kobolds
  6 rats
251 creatures vanquished.

Vanquished Creatures (others)
  A spectral bat (D:3)
  2 fungi (D:9)
3 creatures vanquished.

Grand Total: 254 creatures vanquished

Notes
Turn   | Place    | Note
-------+----------+-------------------------------------------
     0 | D:1      | polve the Vine Stalker Fighter began the quest for the Orb.
     0 | D:1      | Reached XP level 1. HP: 11/11 MP: 2/2
    23 | D:1      | Found a faded altar of an unknown god.
   366 | D:1      | Reached XP level 2. HP: 16/16 MP: 3/3
   952 | D:1      | Reached XP level 3. HP: 19/19 MP: 4/4
  2039 | D:2      | Gained mutation: Your natural rate of healing is unusually
                  | fast. [Vine Stalker growth]
  2039 | D:2      | Reached XP level 4. HP: 19/23 MP: 1/5
  2342 | D:3      | Noticed Natasha
  2401 | D:3      | Killed Natasha
  2478 | D:3      | Noticed Robin
  2485 | D:3      | Reached XP level 5. HP: 24/27 MP: 4/6
  2524 | D:3      | Killed Robin
  2612 | D:3      | Noticed Jessica
  2614 | D:3      | Reached skill level 5 in Short Blades
  2621 | D:3      | Killed Jessica
  2702 | D:3      | Reached XP level 6. HP: 32/32 MP: 7/7
  2889 | D:3      | Noticed Natasha
  2899 | D:3      | Killed Natasha
  3121 | D:3      | Noticed Natasha
  3192 | D:4      | Noticed a water moccasin
  3204 | D:4      | Reached XP level 7. HP: 35/35 MP: 6/8
  3287 | D:4      | Noticed Pikel
  3322 | D:4      | Killed Pikel
  3323 | D:4      | Gained mutation: You have razor-sharp teeth. [Vine Stalker
                  | growth]
  3323 | D:4      | Reached XP level 8. HP: 32/42 MP: 6/9
  3565 | D:4      | Found a runed translucent door.
  3575 | D:4      | Noticed p0werm0de's ghost (amateur GrFi)
  3596 | D:4      | Identified the +4 war axe of Salt {pain, rF+}
  3918 | D:4      | Killed p0werm0de's ghost
  3960 | D:5      | Entered Level 5 of the Dungeon
  4266 | D:5      | Reached XP level 9. HP: 44/46 MP: 10/10
  4425 | D:5      | Noticed Blork the orc
  4433 | D:5      | Killed Blork the orc
  4434 | D:5      | Reached skill level 5 in Shields
  4598 | D:5      | Found a runed translucent gate.
  4602 | D:5      | Found a runed translucent gate.
  4602 | D:5      | Found a runed translucent gate.
  4604 | D:5      | Noticed MatrixGlitch's ghost (weakling DsDe)
  4619 | D:5      | Killed MatrixGlitch's ghost
  4746 | D:5      | Reached skill level 5 in Armour
  5057 | D:6      | Noticed Edmund
  5107 | D:6      | Killed Edmund
  5173 | D:6      | Noticed Sigmund
  5240 | D:6      | Killed Sigmund
  5322 | D:6      | Reached XP level 10. HP: 13/51 MP: 8/11
  5514 | D:6      | Found a staircase to the Ecumenical Temple.
  5664 | Temple   | Entered the Ecumenical Temple
  5838 | Temple   | Became a worshipper of Uskayaw the Reveller
  5948 | D:7      | Reached * piety under Uskayaw
  5971 | D:7      | Reached ** piety under Uskayaw
  5972 | D:7      | Reached skill level 1 in Invocations
  6267 | D:7      | Noticed Dowan
  6268 | D:7      | Noticed Duvessa
  6289 | D:7      | Killed Duvessa
  6289 | D:7      | Reached *** piety under Uskayaw
  6293 | D:7      | Killed Dowan
  6293 | D:7      | Reached **** piety under Uskayaw
  6309 | D:7      | Found a runed translucent gate.
  6309 | D:7      | Found a runed translucent gate.
  6309 | D:7      | Found a runed translucent gate.
  6312 | D:7      | Noticed bmj180's ghost (amateur DrCj)
  6723 | D:7      | Killed bmj180's ghost
  6872 | D:8      | Reached skill level 5 in Invocations
  7291 | D:9      | Noticed Psyche
  7298 | D:9      | Killed Psyche
  7313 | D:9      | Reached ***** piety under Uskayaw
  7682 | D:9      | Reached skill level 1 in Necromancy
  7728 | D:9      | Reached XP level 11. HP: 39/53 MP: 18/18
  7738 | D:9      | Reached ****** piety under Uskayaw
  7801 | D:9      | Found a staircase to the Orcish Mines.
  7995 | D:9      | Found a staircase to the Lair.
  8208 | D:10     | Entered Level 10 of the Dungeon
  8253 | D:10     | Paralysed by a hornet for 3 turns
  8404 | D:10     | Reached skill level 5 in Necromancy
  8623 | D:10     | Found a basalt altar of Yredelemnul.
  8735 | D:10     | HP: 2/54 [yaktaur/bolt (10)]
  8739 | D:10     | Shot with a bolt by a yaktaur

Illustrated notes

Levels and vault maps discovered:
D:1:      eino_arrival_water_cross, layout_basic,
          hellmonk_ecumenical_altar_dog_temple, grunt_decor_resistance
D:2:      minmay_recursive_quarters, layout_loops_ring
D:3:      minmay_spotlight, layout_rooms, goddamned_bats, uniq_jessica,
          uniq_natasha, uniq_robin
D:4:      layout_basic, hellmonk_ghost_happy_afterlife,
          kennysheep_generic_room_12, uniq_pikel
D:5:      layout_basic, gammafunk_ghost_necromancy, small_statue_intersection,
          lightli_corner_chamber, uniq_blork_the_orc
D:6:      layout_cave_pools, minmay_temple_entry_antechambers, uniq_sigmund,
          uniq_edmund
D:7:      layout_layer_cave, gammafunk_ghost_necromancy, uniq_duvessa
D:8:      layout_cave_pools, minmay_misc_feat_ornament
D:9:      layout_roguey, grunt_lair_entry_orc_guard_hut, david_orc_4,
          uniq_psyche
D:10:     layout_basic, nicolae_yredelemnul_corpse_copse, hex_medium,
          dk_noncrumbling_4, uniq_sonja
Temple:   kilobyte_greek_temple

Skill      XL: |  1  2  3  4  5  6  7  8  9 10 11 |
---------------+----------------------------------+-----
Short Blades   | 2 3 4 5 7 8 |  8.0
Fighting       | 4 |  4.6
Shields        | 4 7 |  7.1
Armour         | 4 6 |  6.5
Invocations    | 8 |  8.0
Necromancy     | 2 7 |  7.9

Action                   |  1- 3 |  4- 6 |  7- 9 | 10-12 || total
-------------------------+-------+-------+-------+-------++-------
Melee: Rapier            |    23 |       |   178 |     5 ||   206
       Bite              |    21 |    63 |   136 |   151 ||   371
       Dagger            |    57 |   228 |   141 |   192 ||   618
       Short sword       |       |       |    48 |    78 ||   126
 Stab: Paralysed         |       |       |       |    10 ||    10
Armor: Scale mail        |    35 |   167 |   124 |   102 ||   428
Dodge: Dodged            |    30 |    91 |    77 |    63 ||   261
Block: Kite shield       |    48 |   135 |   177 |   152 ||   512

Table legend: (Time is in decaauts)
 A = Elapsed time spent in this place.
 B = Non-inter-level travel time spent in this place.
 C = Inter-level travel time spent in this place.
 D = Time resting spent in this place.
 E = Time spent auto-exploring this place.
 F = Levels seen in this place.
 G = Mean time per level.
                   A        B        C        D        E       F      G
               +--------+--------+--------+--------+--------+-----+--------+
         Total |   8675 |   8223 |    452 |      9 |   6461 |  11 |  788.6 |
       Dungeon |   8460 |   8082 |    378 |      9 |   6321 |  10 |  846.0 |
        Temple |    214 |    141 |     73 |      0 |    140 |   1 |  214.0 |
               +--------+--------+--------+--------+--------+-----+--------+

Top non-repeatable levels by time:
     D:2: 1216 daAuts
     D:1: 1166 daAuts
     D:9: 899 daAuts
     D:5: 888 daAuts
     D:7: 850 daAuts
     D:4: 829 daAuts
     D:6: 820 daAuts
     D:3: 763 daAuts
    D:10: 517 daAuts
     D:8: 507 daAuts
  Temple: 214 daAuts
